 Dungeon Crawl Stone Soup version 0.28-b1-1-g3c77fb2ed1 (webtiles) character file.

Game seed: 5551917887620231910

2725 boopmooplesden the Protected (level 9, 0/71 HPs)
             Began as a Minotaur Fighter on Jan 28, 2022.
             Was a Believer of Hepliaklqana.
             Shot with an arrow by a centaur (2 damage)
             ... on level 7 of the Dungeon.
             The game lasted 00:10:37 (9016 turns).

boopmooplesden the Protected (Minotaur Fighter)     Turns: 9016, Time: 00:10:38

Health: 0/71       AC: 17    Str: 29    XL:     9   Next: 40%
Magic:  8/8        EV:  8    Int:  7    God:    Hepliaklqana [**....]
Gold:   376        SH:  5    Dex: 10    Spells: 8/8 levels left

rFire   . . .      SeeInvis .   a - +1 long sword
rCold   . . .      Faith    .   c - +0 buckler
rNeg    . . .      Spirit   .   f - +1 plate armour
rPois   .          Reflect  .   (helmet restricted)
rElec   .          Harm     .   E - scarf {repulsion}
rCorr   .          Rampage  .   n - +0 pair of gloves
Will    .....                   (no boots)
Stlth   ..........              (no amulet)
HPRegen 0.21/turn               v - +6 ring of strength
MPRegen 0.11/turn               (no ring)

@: repel missiles
A: reduced essence, horns 2, retaliatory headbutt
a: Renounce Religion, Recall Ancestor, Ancestor Identity


You were on level 7 of the Dungeon.
You worshipped Hepliaklqana.
Hepliaklqana was pleased with you.
You visited 1 branch of the dungeon, and saw 7 of its levels.

You collected 376 gold pieces.

Inventory:

Hand Weapons
 a - a +1 long sword (weapon)
 d - a +4 flail
 B - a +0 scimitar
Missiles
 p - a throwing net (quivered)
Armour
 c - a +0 buckler (worn)
 f - a +1 plate armour (worn)
 n - a +0 pair of gloves (worn)
 E - a scarf of repulsion (worn)
Jewellery
 l - an amulet of faith
 v - a +6 ring of strength (left hand)
 x - a +6 ring of intelligence
Wands
 o - a wand of acid (9)
 D - a wand of mindburst (8)
Scrolls
 b - 2 scrolls of summoning
 g - 2 scrolls of identify
 j - 3 scrolls of teleportation
 k - 4 scrolls of immolation
 s - 3 scrolls of vulnerability
 t - 4 scrolls of fog {unknown}
 u - 2 scrolls of enchant armour
 y - 2 scrolls of brand weapon {unknown}
 C - a scroll of amnesia {unknown}
Potions
 e - a potion of flight {unknown}
 h - 2 potions of magic {unknown}
 i - a potion of resistance {unknown}
 m - a potion of degeneration {unknown}
 q - a potion of lignification {unknown}
 r - 2 potions of attraction {unknown}
 w - 3 potions of curing {unknown}
 z - a potion of berserk rage {unknown}
 A - a potion of mutation {unknown}
 F - a potion of cancellation {unknown}


   Skills:
 + Level 7.0 Fighting
 + Level 9.1 Long Blades
 + Level 10.2 Armour
 + Level 1.8 Dodging
 + Level 1.1 Stealth
 + Level 5.7 Shields
 + Level 1.2 Evocations


You had 8 spell levels left.
You didn't know any spells.
Your spell library contained the following spells:

 Spells                   Type           Power      Damage    Failure   Level
 Summon Small Mammal      Summ           0%         N/A       99%         1
 Call Canine Familiar     Summ           0%         N/A       100%        3
 Portal Projectile        Hex/Tloc       0%         N/A       100%        3
 Summon Guardian Golem    Hex/Summ       0%         N/A       100%        3
 Tukima's Dance           Hex            0%         N/A       100%        3
 Anguish                  Hex/Necr       0%         N/A       100%        4
 Blade Hands              Tmut           0%         N/A       100%        5
 Excruciating Wounds      Necr           0%         N/A       100%        5
 Enfeeble                 Hex            0%         N/A       100%        7
 Orb of Destruction       Conj           0%         9d5       100%        7
 Spellforged Servitor     Conj/Summ      0%         N/A       100%        7


Dungeon Overview and Level Annotations

Branches:
Dungeon (7/15)             Temple (0/1) D:5

Altars:
Hepliaklqana
Nemelex Xobeh
Sif Muna
Uskayaw

Shops:
D:7 :


Innate Abilities, Weirdness & Mutations

Your life essence is reduced to manifest your ancestor. (-10% HP)
You have a pair of horns on your head.
You reflexively headbutt those who attack you in melee.


Message History

You hit the rakshasa.
The rakshasa is heavily wounded.
You block the rakshasa's attack.
You hit the rakshasa.
The rakshasa is heavily wounded.
The injured rakshasa weaves a defensive illusion!
The rakshasa hits you with a +0 long sword.
You barely miss the rakshasa.
The rakshasa is heavily wounded.
The rakshasa gestures at you. You block the lance of force.
The rakshasa hits you but does no damage.
You closely miss the rakshasa. Your headbutt misses the rakshasa.
The rakshasa is heavily wounded.
The rakshasa blinks! x2
The rakshasa hits you with a +0 long sword.
You hit the rakshasa but do no damage. Your headbutt misses the rakshasa.
The rakshasa is heavily wounded.
The rakshasa gestures at you.
The lance of force is repelled.
You hit the rakshasa but do no damage.
The rakshasa is heavily wounded.
The rakshasa barely misses you.
The rakshasa hits you with a +0 long sword!
The rakshasa gestures at you. The lance of force hits you!!
* * * LOW HITPOINT WARNING * * *
You are knocked back by the lance of force.
You slam into the stone wall!
The rakshasa hits Jaydra with a +0 long sword!
The rakshasa gestures at you.
The lance of force hits Jaydra!
Jaydra is destroyed!
Okay, then.
The centaur shouts!
You hear a shout!
The centaur shoots an arrow.
The arrow completely misses you.
The centaur shoots an arrow.
The arrow hits you.
* * * LOW HITPOINT WARNING * * *
The arrow freezes you.
You die...

#......#
♣♣.).♣R..♣...♣♣
#.... #......#
#♣..♣..R#...♣.R♣#
#.... ########
#.♣♣♣♣♣#.#♣♣♣♣♣.#
#####
#♣R.♣...#R..♣..♣#
♣♣...♣..R♣...♣♣
#####♣.♣#####
#..[[.#..
#.♣♣♣♣#.♣ #@..♣
#.♣ #.♣♣♣♣#.♣
#.....#.♣ #
##♣.♣##.♣♣♣.#
#..>..#...c.##.
####
+..8..R..♣....#
...#
#..<.c#.....#
...#
##♣'♣##.♣♣♣.#
...# #.....#.♣


You could see 2 rakshasas and a centaur.

Vanquished Creatures
  A steam dragon (D:7)
  A water moccasin (D:7)
  2 ogres
  2 black bears
  An ice beast (D:7)
  A kobold brigand (D:7)
  A phantom (D:5)
  A bullfrog (D:7)
  A gnoll sergeant (D:7)
  4 scorpions
  5 wights (D:7)
  6 electric eels (D:5)
  2 howler monkeys
  A jelly (D:7)
  2 centaur zombies (D:5)
  3 hounds
  2 orc priests
  3 bullfrog skeletons
  A gnoll shaman (D:6)
  3 centaur skeletons
  3 iguanas
  3 orc wizards
  A killer bee zombie (D:7)
  A hound zombie (D:5)
  2 hound skeletons
  5 adders
  6 gnolls
  A howler monkey skeleton (D:7)
  3 ufetubi
  2 worms
  5 dart slugs
  14 orcs
  7 endoplasms
  7 giant cockroaches
  11 goblins
  8 hobgoblins
  7 kobolds
  A quokka (D:1)
  9 ball pythons
  2 bats
  5 frilled lizards
  A jackal skeleton (D:4)
  6 rats
153 creatures vanquished.

Vanquished Creatures (collateral kills)
  A wyvern zombie (D:7)
  A wight (D:7)
  A centaur skeleton (D:7)
3 creatures vanquished.

Vanquished Creatures (others)
  An ancestor (D:7)
  2 hexers (D:7)
  2 plants (D:5)
5 creatures vanquished.

Grand Total: 161 creatures vanquished

Notes
Turn   | Place    | Note
-------+----------+-------------------------------------------
     0 | D:1      | boopmooplesden the Minotaur Fighter began the quest for the
                  | Orb.
     0 | D:1      | Reached XP level 1. HP: 19/19 MP: 0/0
   172 | D:1      | Reached skill level 4 in Armour
   172 | D:1      | Reached XP level 2. HP: 14/27 MP: 1/1
   720 | D:1      | Reached XP level 3. HP: 33/33 MP: 2/2
  1159 | D:2      | Reached XP level 4. HP: 36/40 MP: 3/3
  1865 | D:3      | Reached skill level 5 in Armour
  1954 | D:3      | Reached XP level 5. HP: 36/46 MP: 4/4
  3043 | D:4      | Noticed a black bear
  3054 | D:4      | Killed a black bear
  3055 | D:4      | Reached skill level 5 in Long Blades
  3055 | D:4      | Reached skill level 1 in Dodging
  3055 | D:4      | Reached XP level 6. HP: 40/53 MP: 5/5
  3652 | D:4      | Found a sparkling altar of Nemelex Xobeh.
  3663 | D:4      | Reached skill level 5 in Fighting
  3997 | D:5      | Entered Level 5 of the Dungeon
  3997 | D:5      | Found a hazy altar of Hepliaklqana.
  4006 | D:5      | Reached XP level 7. HP: 61/61 MP: 6/6
  4013 | D:5      | Became a worshipper of Hepliaklqana the Forgotten
  4048 | D:5      | Reached skill level 6 in Armour
  4209 | D:5      | Found a staircase to the Ecumenical Temple.
  5249 | D:5      | Reached skill level 5 in Shields
  5509 | D:5      | Reached skill level 7 in Armour
  5509 | D:5      | Reached XP level 8. HP: 59/70 MP: 7/7
  5757 | D:5      | Found a shimmering blue altar of Sif Muna.
  5992 | D:6      | Reached skill level 1 in Stealth
  6011 | D:6      | Reached skill level 1 in Evocations
  6023 | D:6      | Reached skill level 8 in Armour
  6573 | D:6      | Reached * piety under Hepliaklqana
  7345 | D:7      | Reached skill level 9 in Armour
  7697 | D:7      | Reached XP level 9. HP: 54/70 MP: 8/8
  7817 | D:7      | Reached skill level 10 in Armour
  8033 | D:7      | Found Qykuen's Book Boutique.
  8121 | D:7      | Reached ** piety under Hepliaklqana
  8122 | D:7      | Remembered your ancestor Jaydra as a hexer
  8164 | D:7      | Found a hide-covered altar of Uskayaw.
  8166 | D:7      | Noticed a +0 dagger
  8167 | D:7      | Noticed a +0 hand axe
  8500 | D:7      | Noticed a rakshasa
  9016 | D:7      | HP: 2/71 [centaur/arrow (5)]
  9016 | D:7      | Shot with an arrow by a centaur

Illustrated notes

Levels and vault maps discovered:
D:1:      saegor_arrival_simple_c, layout_loops_ring, minmay_cupped
D:2:      layout_loops_ring, serial_glass, glass_columns_a, glass_columns_b,
          minmay_pentomino_w2
D:3:      layout_basic, kennysheep_pointless_box
D:4:      layout_basic, dk_noncrumbling_3, kennysheep_diamond,
          kennysheep_path_1, kennysheep_generic_room_2
D:5:      cheibrodos_two_vegetables, layout_basic,
          nicolae_hepliaklqana_hazy_memory, mainiacjoe_overflow_chevrons,
          minmay_temple_entry_mist
D:6:      layout_basic
D:7:      nzn_winding_woodlands_stair_cross [nzn_winding_woodlands_5x15_parted,
          nzn_winding_woodlands_center_triple_pond,
          nzn_winding_woodlands_5x15_pool, nzn_winding_woodlands_5x5_perimeter,
          nzn_winding_woodlands_5x5_three,
          nzn_winding_woodlands_5x15_concentric,
          nzn_winding_woodlands_center_diamonds,
          nzn_winding_woodlands_5x15_twine], layout_cave_pods,
          dancing_weapons_uskayaw, serial_shops, shop

Skill      XL: |  1  2  3  4  5  6  7  8  9 |
---------------+----------------------------+-----
Armour         | 4 5 7 9 10 | 10.2
Long Blades    | 3 5 7 8 9 |  9.1
Shields        | 4 5 |  5.7
Fighting       | 4 5 6 7 |  7.0
Dodging        | 1 |  1.8
Stealth        | 1 |  1.1
Evocations     | 1 |  1.2

Action                   |  1- 3 |  4- 6 |  7- 9 || total
-------------------------+-------+-------+-------++-------
Melee: Long sword        |    78 |   135 |   186 ||   399
       Headbutt          |    11 |    16 |    31 ||    58
Invok: Ancestor Life: He |       |       |     1 ||     1
Evoke: Wand              |       |       |    14 ||    14
  Use: Scroll            |     5 |     3 |     1 ||     9
       Potion            |       |     2 |     1 ||     3
 Stab: Distracted        |       |       |     1 ||     1
Armor: Scale mail        |    32 |    30 |       ||    62
       Plate armour      |       |    68 |   132 ||   200
Dodge: Dodged            |    35 |    53 |    76 ||   164
       Repelled          |       |       |     2 ||     2
Block: Buckler           |    14 |    23 |    45 ||    82
